AoeStats
← Axolot

Nomad

505313320Analyzed
2v2 RM · 23d ago on Sep 8, 2026· 47m 26s· 4 players
Game mode
Random Map
Map size
176×176
Population
200
Speed
Normal
Resources
Standard
Victory
Conquest
Starting age
Dark Age
Ending age
Imperial Age
RankedLock teamsTeams togetherTeam positionsShared explorationLock speedFull tech treeHidden civsTurbo modeCheats
Victory
Defeat
🇬🇧 Celts · United Kingdom
1532
+15
🇬🇧 Inca · United Kingdom
1394
+20
🇦🇷 Armenians · Argentina
1514
-18
🇦🇷 Khmer · Argentina
1489
-17
The Chancellor
5:36 Loom
13:33 Feudal Age
14:37 Double-Bit Axe
18:20 Castle Age
17:40 Scale Mail Armor
17:51 Forging
19:20 Medium Warships
18:51 Fishing Lines
32:16 Chain Mail Armor
33:20 Arson
37:43 Fletching
38:07 Gillnets
38:03 Horse Collar
39:09 Bodkin Arrow
39:56 Wheelbarrow
39:09 Town Watch
41:49 Guard Tower
42:26 Ballistics
45:21 Imperial Age
42:45 Gold Mining
42:45 Stone Mining
45:55 Iron Casting
45:30 Capped Ram
46:45 Plate Mail Armor
Hornet-Wing
14:15 Feudal Age
12:32 Loom
21:55 Town Watch
22:11 Fletching
28:48 Castle Age
27:40 Double-Bit Axe
32:44 Medium Warships
35:49 Fishing Lines
36:51 Gillnets
37:09 Bodkin Arrow
39:54 Town Patrol
42:07 Scale Mail Armor
43:03 Forging
45:02 Chain Mail Armor
45:15 Horse Collar
45:46 Bow Saw
47:02 Iron Casting
Dino_Mate
9:12 Loom
12:14 Feudal Age
12:16 Man-at-Arms
12:49 Double-Bit Axe
12:58 Long Swordsman
13:42 Arson
15:03 Fishing Lines
15:24 Gold Mining
18:02 Fletching
23:32 Castle Age
22:19 Town Watch
28:10 Two-Handed Swordsman
32:55 Stone Mining
38:20 Imperial Age
38:28 Imperial Age
36:56 Bodkin Arrow
41:51 Bracer
45:00 Ballistics
44:51 Padded Archer Armor
47:53 Chemistry
Axolot
4:26 Loom
12:32 Feudal Age
13:17 Fishing Lines
13:31 Double-Bit Axe
17:20 Castle Age
15:17 Horse Collar
20:59 Scale Barding Armor
21:41 Bow Saw
22:34 Chain Barding Armor
24:18 Gold Mining
27:09 Bloodlines
27:50 Heavy Plow
29:58 Husbandry
30:40 Devotion
31:36 Gold Shaft Mining
31:37 Light Cavalry
Connection lost

Rejoining the realm…

Still unreachable

The connection could not be restored.

Session expired

The server has moved on; the page needs a fresh start.